Description

attempt at pig's b2gm build

Replay - Hardwire LE (4)

Build Order

Get SALT Encoding   

  12  0:00  Probe (Chrono Boost)  
  13  0:10  Probe (Chrono Boost)  
  14  0:18  Pylon  
  14  0:21  Probe  
  15  0:36  Probe  
  15  0:37  Gateway  
  16  0:48  Probe  
  17  0:54  Assimilator  
  17  1:00  Probe  
  18  1:12  Probe  
  19  1:24  Probe  
  20  1:27  Nexus  
  20  1:37  Cybernetics Core  
  20  1:40  Probe  
  21  1:52  Probe  
  22  1:56  Assimilator  
  22  2:00  Pylon  
  23  2:13  Warp Gate  
  23  2:19  Stalker (Chrono Boost)  
  26  2:36  Robotics Facility  
  28  2:44  Stalker (Chrono Boost)  
  30  3:04  Pylon  
  30  3:06  Gateway x2  
  32  3:15  Stalker  
  34  3:25  Observer (Chrono Boost)  
  34  3:42  Immortal (Chrono Boost)  
  40  4:06  Stalker x3  
  50  4:35  Pylon  
  50  4:38  Twilight Council  
  54  5:03  Assimilator x2  
  56  5:13  Charge (Chrono Boost)  
  60  5:39  Gateway x2  
  60  5:44  Gateway x3  
  60  5:49  Gateway x2  
  60  5:55  Pylon  
  61  6:18  Templar Archives  
  61  6:32  Immortal  
  65  6:43  Zealot x8  
  81  6:53  Zealot x2  
  99  7:17  Warp Prism (Chrono Boost)  
  101  8:19  High Templar x10  
  121  8:23  Archon x5  
Spawning Tool Build Advisor. Get it on Overwolf

Go to:

Details

  • Created by: snoweagle
  • Published on: Apr 08, 2022
  • Modified on: Apr 08, 2022
  • Patch: 4.11.0
  • Difficulty: Easy
Show
View Real Time Build Order
Export as new Build Order

Comments (0)

There are no comments. Be the first!

Create an account to comment!